 Dungeon Crawl Stone Soup version 0.17-a0-802-g1f09329 (webtiles) character file.

284 FedoraBrony69 the Conjurer (level 6, -1/32 HPs)
             Began as a Deep Elf Conjurer on Apr 26, 2015.
             Was a Believer of Vehumet.
             Slain by an ice beast (12 damage)
             ... on level 4 of the Dungeon.
             The game lasted 00:09:20 (3747 turns).

FedoraBrony69 the Conjurer (Deep Elf Conjurer)      Turns: 3747, Time: 00:09:20

Health: -1/32      AC:  4    Str:  5    XL:     6   Next: 7%
Magic:  6/16       EV:  8    Int: 22    God:    Vehumet [**....]
Gold:   287        SH:  0    Dex: 15    Spells: 4 memorised, 5 levels left

rFire  . . .     SeeInvis .     e - +0 short sword
rCold  . . .     Clarity  .     a - +0 robe
rNeg   . . .     SustAb   .     (no shield)
rPois  .         Gourm    .     (no helmet)
rElec  .         Spirit   .     w - +0 cloak
rCorr  .         Warding  .     i - +0 pair of gloves
rMut   .         Stasis   .     (no boots)
MR     .....                    (no amulet)
Stlth  ++........               (no ring)
                                (no ring)

@: not resistant to hostile enchantments, unstealthy
A: no striking features
a: Renounce Religion


You were on level 4 of the Dungeon.
You worshipped Vehumet.
Vehumet was pleased with you.
You were very hungry.

You visited 1 branch of the dungeon, and saw 5 of its levels.

You collected 287 gold pieces.

Inventory:

Hand weapons
 e - a +0 short sword (weapon)
Armour
 a - a +0 robe (worn)
 i - a +0 pair of gloves (worn)
 w - a +0 cloak (worn)
Jewellery
 v - an uncursed ring of magical power {unknown}
 x - a cursed amulet of inaccuracy {unknown}
 B - an uncursed ring of fire {unknown}
Scrolls
 f - 3 scrolls of remove curse {unknown}
 g - 2 scrolls of random uselessness {unknown}
 h - 8 scrolls of identify {unknown}
 k - 4 scrolls of teleportation {unknown}
 n - 2 scrolls of enchant weapon {unknown}
 q - 2 scrolls of amnesia {unknown}
 r - a scroll of immolation {unknown}
 C - a scroll of enchant armour {unknown}
Potions
 d - 7 potions of curing {unknown}
 j - a potion of restore abilities {unknown}
 o - a potion of cure mutation {unknown}
 p - a potion of resistance {unknown}
 s - 3 potions of heal wounds {unknown}
 u - a potion of degeneration {unknown}
Books
 b - a book of Conjurations

   Spells                             Type                      Level
   a - Magic Dart                     Conjuration                  1
   b - Searing Ray                    Conjuration                  2
   c - Dazzling Spray                 Conjuration/Hexes            3
   d - Fulminant Prism                Conjuration/Hexes            4
   e - Iskenderun's Mystic Blast      Conjuration                  4
   f - Iskenderun's Battlesphere      Conjuration/Charms           5
 y - a book of Geomancy

   Spells                             Type                      Level
   a - Sandblast                      Earth                        1
   b - Stoneskin                      Transmutation/Earth          2
   c - Passwall                       Transmutation/Earth          3
   d - Stone Arrow                    Conjuration/Earth            3
   e - Petrify                        Transmutation/Earth          4
   f - Lee's Rapid Deconstruction     Earth                        5
Comestibles
 c - 5 bread rations
 m - a royal jelly
 t - 3 fruits
 z - 3 meat rations


   Skills:
 - Level 2.4 Dodging
 - Level 2.4 Stealth
 + Level 5.8 Spellcasting
 + Level 6.2 Conjurations
 * Level 3.5 Charms


You had 5 spell levels left.
You knew the following spells:

 Your Spells              Type           Power        Failure   Level  Hunger
a - Magic Dart            Conj           ####         1%          1    None
b - Iskenderun's Battles  Conj/Chrm      ####....     38%         5    #####..
c - Iskenderun's Mystic   Conj           ####....     10%         4    ####...
d - Flame Tongue          Conj/Fire      ###..        2%          1    None


Dungeon Overview and Level Annotations

Branches:
Dungeon (5/15)             Temple (0/1) D:5

Altars:
Gozag
Okawaru
Ru
Vehumet

Annotations:
D:4 Torrence's ghost, average HESk


Message History

The ice beast is heavily wounded.
The ice beast hits you but does no damage.
Casting: Iskenderun's Mystic Blast
Confirm with . or Enter, or press ? or * to list all spells.
You don't have enough magic to cast that spell.
Unknown command.
You hit the ice beast but do no damage.
The ice beast is heavily wounded.
The ice beast hits you. The ice beast freezes you!
* * * LOW HITPOINT WARNING * * *
You hit the ice beast but do no damage.
The ice beast is heavily wounded.
The ice beast hits you but does no damage.
Torrence's ghost (average High Elf Skald) comes into view.
It is wielding a weapon of speed.
Torrence's ghost gestures wildly while chanting.
Space distorts along a thin shroud covering Torrence's ghost's form.
The ice beast misses you.
There is a stone staircase leading up here.
The ice beast hits you. The ice beast freezes you!
You die...

.....# #.# #.# #.##..# ..######.#
#.#####.##..#
..#......#######.......##..# ###
#.............##..#######..###.##
...................).............
#.#.##..########..#######........
#.#.##..########..# #..###..#
#.#.##.......W.Y..# #........
#.#.##..########@########..###..#
###.....# ###...............
≈≈###..W# ###.######..###..#
#≈###...# #.................
.≈#.....# #.#.######..######
#≈###..#########.#.######..#
≈≈#........................#
######.#########.#.######..#
#.####.# #.#.######..#


You could see an ice beast and Torrence's ghost.

Vanquished Creatures
  A scorpion (D:5)
  Ijyb (D:3)
  An orc wizard (D:4)
  Terence (D:2)
  4 adders
  An ooze (D:2)
  An adder skeleton (D:4)
  4 giant geckos
  14 orcs
  5 giant cockroaches
  7 hobgoblins
  6 jackals
  9 kobolds
  3 ball pythons
  13 bats
  6 giant newts
  A giant spore (D:3)
  8 goblins
  A quokka skeleton (D:4)
  7 rats
  3 ballistomycetes (D:3)
  A butterfly (D:5)
98 creatures vanquished.

Notes
Turn   | Place    | Note
--------------------------------------------------------------
     0 | D:1      | FedoraBrony69, the Deep Elf Conjurer, began the quest for the Orb.
     0 | D:1      | Reached XP level 1. HP: 10/10 MP: 6/6
   106 | D:1      | Reached XP level 2. HP: 15/15 MP: 1/8
   466 | D:1      | Reached skill level 5 in Conjurations
   751 | D:1      | Reached XP level 3. HP: 19/19 MP: 6/10
   953 | D:2      | Found a radiant altar of Vehumet.
  1148 | D:2      | Became a worshipper of Vehumet
  1269 | D:2      | Noticed Terence
  1419 | D:2      | Found an opulent altar of Gozag.
  1529 | D:3      | Reached XP level 4. HP: 24/24 MP: 7/12
  1782 | D:3      | Reached skill level 5 in Spellcasting
  1843 | D:3      | Noticed Ijyb
  1885 | D:3      | Killed Ijyb
  1951 | D:3      | Acquired Vehumet's first power
  1951 | D:3      | Offered knowledge of Flame Tongue by Vehumet.
  1980 | D:3      | Reached XP level 5. HP: 25/28 MP: 11/14
  2147 | D:1      | Learned a level 5 spell: Iskenderun's Battlesphere
  2152 | D:1      | Learned a level 4 spell: Iskenderun's Mystic Blast
  2154 | D:1      | Learned a level 1 spell: Flame Tongue
  2158 | D:2      | Killed Terence
  2158 | D:2      | Reached skill level 1 in Charms
  3005 | D:4      | Reached skill level 6 in Conjurations
  3084 | D:4      | Found a sacrificial altar of Ru.
  3155 | D:4      | Offered knowledge of Throw Flame by Vehumet.
  3443 | D:4      | Found an iron altar of Okawaru.
  3558 | D:5      | Entered Level 5 of the Dungeon
  3558 | D:5      | Found a staircase to the Ecumenical Temple.
  3566 | D:5      | Reached XP level 6. HP: 32/32 MP: 2/16
  3654 | D:5      | Noticed an ice beast
  3736 | D:4      | Noticed Torrence's ghost (average HESk)
  3747 | D:4      | Slain by an ice beast

Action                   |  1- 3 |  4- 6 || total
-------------------------+-------+-------++-------
Melee: Unarmed           |     9 |       ||     9
       Short sword       |     1 |    69 ||    70
 Cast: Magic Dart        |    74 |   114 ||   188
       Iskenderun's Myst |       |    11 ||    11
  Eat: Chunk             |     1 |     7 ||     8
       Beef jerky        |       |     1 ||     1
